AoeStats
← DeftHu3

Arabian Desert

508950558Analyzed
1v1 RM · 7d ago on Sep 24, 2026· 33m 0s· 2 players
Game mode
Random Map
Map size
Tiny (2 player)
Population
200
Speed
Normal
Resources
Standard
Victory
Conquest
Starting age
Dark Age
Ending age
Imperial Age
RankedLock teamsTeams togetherTeam positionsShared explorationLock speedFull tech treeHidden civsTurbo modeCheats
Victory
Defeat
🇧🇷 Cumans · Brazil
1032
+14
🇧🇷 Goths · Brazil
993
-14
DeftHu3
0:27 Loom
10:05 Feudal Age
11:17 Man-at-Arms
12:49 Double-Bit Axe
13:33 Horse Collar
16:43 Gold Mining
19:50 Stone Mining
19:55 Town Watch
22:12 Castle Age
20:51 Wheelbarrow
22:56 Scale Mail Armor
23:06 Forging
23:02 Squires
22:22 Pikeman
24:32 Anarchy
24:50 Bow Saw
24:43 Heavy Plow
26:03 Stone Shaft Mining
30:43 Chain Mail Armor
33:29 Iron Casting
NossilaSednem
8:10 Loom
10:00 Feudal Age
11:25 Double-Bit Axe
11:24 Horse Collar
22:04 Castle Age
21:41 Bloodlines
23:50 Forging
25:31 Scale Barding Armor
27:42 Iron Casting
28:47 Wheelbarrow
31:03 Heavy Plow
32:31 Chain Barding Armor
Connection lost

Rejoining the realm…

Still unreachable

The connection could not be restored.

Session expired

The server has moved on; the page needs a fresh start.